 Dungeon Crawl Stone Soup version 0.32-a0-900-g30fb1b0edc (webtiles) character file.

Game seed: 6141086513544191005

77 GloriousHammer the Caller (level 4, 0/30 HPs)
             Began as a Merfolk Summoner on Apr 5, 2024.
             Succumbed to Crazy Yiuf's poison
             ... on level 2 of the Dungeon.
             The game lasted 00:04:36 (2587 turns).

GloriousHammer the Caller (Merfolk Summoner)        Turns: 2587, Time: 00:04:37

Health: 0/30       AC:  6    Str:  6 (8)  XL:     4   Next: 33%
Magic:  1/8        EV: 10    Int: 13 (14) God:
Gold:   71         SH:  0    Dex: 13 (16) Spells: 6/9 levels left

rFire   . . .        v - +0 spear
rCold   . . .        (no shield)
rNeg    . . .        q - +0 leather armour
rPois   .            r - +0 helmet
rElec   .            (no cloak)
rCorr   .            n - +0 pair of gloves
SInv    .            f - +0 pair of boots
Will    .....        (no amulet)
Stlth   ++           (no ring)
HPRegen 0.25/turn    (no ring)
MPRegen 0.11/turn

%: no passive effects
@: lethally poisoned (0 -> -8)
A: (nimble swimmer 2), mertail
a: no special abilities


You were on level 2 of the Dungeon.
You visited 1 branch of the dungeon, and saw 2 of its levels.

You collected 71 gold pieces.

Inventory:

Hand Weapons
 d - a +0 mace
 h - a +0 whip
 v - a +0 spear (weapon)
Missiles
 p - 11 poisoned darts
Armour
 a - a +0 robe
 f - a +0 pair of boots (worn)
 n - a +0 pair of gloves (worn)
 q - a +0 leather armour (worn)
 r - a +0 helmet (worn)
Jewellery
 x - an amulet of faith
 C - a ring of ice
Scrolls
 c - 3 scrolls of amnesia {unknown}
 e - 5 scrolls of teleportation {unknown}
 g - a scroll of identify {unknown}
 l - a scroll of poison {unknown}
 t - a scroll of enchant armour {unknown}
 u - a scroll of fear {unknown}
Potions
 b - a potion of magic
 i - a potion of ambrosia {unknown}
 j - a potion of invisibility {unknown}
 m - a potion of heal wounds {unknown}
 o - a potion of resistance {unknown}
 s - 2 potions of curing {unknown}
 w - a potion of lignification {unknown}


   Skills:
 - Level 2.6 Dodging
 - Level 2.1 Stealth
 + Level 3.2 Spellcasting
 + Level 4.9 Summonings


You had 6 spell levels left.
You knew the following spells:

 Your Spells              Type           Power      Damage    Failure   Level
a - Summon Small Mammal   Summ           56%        N/A       4%          1
b - Call Imp              Summ           28%        N/A       7%          2

Your spell library contained the following spells:

 Spells                   Type           Power      Damage    Failure   Level
 Call Canine Familiar     Summ           14%        N/A       14%         3
 Summon Blazeheart Golem  Fire/Summ      8%         N/A       77%         4
 Summon Lightning Spire   Summ/Air       8%         N/A       77%         4


Dungeon Overview and Level Annotations

Branches:
Dungeon (2/15)

Altars:

Annotations:
D:2 Crazy Yiuf


Innate Abilities, Weirdness & Mutations

((You are very nimble when in or above water. (Stealth+, EV+, Speed+++)))
Your lower body shifts to a powerful aquatic tail in water.


Message History

Your cerulean imp hits Crazy Yiuf but does no damage.
You swap places.
Crazy Yiuf whimpers, "Spliff testudinal tea!"
Crazy Yiuf hits your cerulean imp with a +2 quarterstaff of chaos.
Crazy Yiuf burns your cerulean imp.
Your cerulean imp hits Crazy Yiuf with a -3 spear.
You see here a +0 hammer.
Crazy Yiuf closely misses your cerulean imp.
Your cerulean imp hits Crazy Yiuf but does no damage.
Unknown command.
Crazy Yiuf hits your cerulean imp with a +2 quarterstaff of chaos.
Crazy Yiuf freezes your cerulean imp.
Your cerulean imp dies!
Your cerulean imp disappears in a puff of smoke!
You see here a +0 hammer.
Casting: Call Imp (safe; 6% risk of failure)
Confirm with . or Enter, or press ? or * to list all spells.
A tiny devil pulls itself out of the air.
Crazy Yiuf zaps a wand.
The puff of flame hits your cerulean imp!
Crazy Yiuf closely misses your cerulean imp.
Your cerulean imp hits Crazy Yiuf with a -3 spear.
Crazy Yiuf hits your cerulean imp with a +2 quarterstaff of chaos.
Your cerulean imp barely misses Crazy Yiuf.
Crazy Yiuf whimpers, "Cake return to song return to song!"
Crazy Yiuf hits your cerulean imp with a +2 quarterstaff of chaos!
Crazy Yiuf freezes your cerulean imp.
Your cerulean imp dies!
Your cerulean imp disappears in a puff of smoke!
Casting: Call Imp (safe; 6% risk of failure)
Confirm with . or Enter, or press ? or * to list all spells.
A tiny devil pulls itself out of the air.
Crazy Yiuf whimpers, "East!"
You swap places.
Crazy Yiuf zaps a wand.
The puff of flame misses your cerulean imp.
The puff of flame hits you.
Your cerulean imp misses Crazy Yiuf.
You see here a +0 hammer.
Crazy Yiuf zaps a wand.
The puff of flame hits your cerulean imp!
Your cerulean imp misses Crazy Yiuf.
Your cerulean imp barely misses Crazy Yiuf.
Crazy Yiuf hits your cerulean imp with a +2 quarterstaff of chaos!
Crazy Yiuf burns your cerulean imp.
Your cerulean imp dies!
Your cerulean imp disappears in a puff of smoke!
Casting: Call Imp (safe; 6% risk of failure)
Confirm with . or Enter, or press ? or * to list all spells.
A tiny devil pulls itself out of the air.
Crazy Yiuf completely misses you.
Unknown command.
You swap places.
Something hits your cerulean imp. Something burns your cerulean imp.
You see here a +0 hammer.
You see here a +0 hammer.
Crazy Yiuf hits your cerulean imp with a +2 quarterstaff of chaos!
Your cerulean imp dies!
Your cerulean imp disappears in a puff of smoke!
Casting: Call Imp (safe; 6% risk of failure)
Confirm with . or Enter, or press ? or * to list all spells.
A tiny devil pulls itself out of the air.
Your cerulean imp hits Crazy Yiuf with a -3 spear.
Casting: Call Imp (safe; 6% risk of failure)
Confirm with . or Enter, or press ? or * to list all spells.
You don't have enough magic to cast this spell.
Casting: Call Imp (safe; 6% risk of failure)
Confirm with . or Enter, or press ? or * to list all spells.
You don't have enough magic to cast this spell.
Crazy Yiuf zaps a wand.
The puff of flame hits your cerulean imp!
Your cerulean imp closely misses Crazy Yiuf.
Crazy Yiuf screams, "Mugger bag Hive!"
Crazy Yiuf zaps a wand.
The puff of flame hits your cerulean imp!
Your cerulean imp dies!
Your cerulean imp disappears in a puff of smoke!
Crazy Yiuf whimpers, "Race!
Hack bush high."
You reach to attack!
You hit Crazy Yiuf but do no damage.
Crazy Yiuf is moderately wounded.
You hit Crazy Yiuf but do no damage.
Crazy Yiuf is moderately wounded.
Crazy Yiuf hits you with a +2 quarterstaff of chaos!
You are poisoned.
You hit Crazy Yiuf.
Crazy Yiuf is heavily wounded.
You feel very sick.
Crazy Yiuf says, "I'm not crazy!"
Crazy Yiuf misses you.
You hit Crazy Yiuf.
Crazy Yiuf is heavily wounded.
You feel very sick.
Crazy Yiuf hits you with a +2 quarterstaff of chaos!
* * * LOW HITPOINT WARNING * * *
Crazy Yiuf says, "Hah dark aubergine!"
Crazy Yiuf zaps a wand.
The puff of flame hits you.
* * * LOW HITPOINT WARNING * * *
It was a potion of degeneration.
There was something very wrong with that liquid.
You feel weakened.
You feel dopey.
You feel clumsy.
You die...

#..........# ♣)♣♣ #.#
#..........# ♣♣g♣ #.#
#..........# ♣)♣♣ #.#
#..........# ♣♣)♣♣ #.#
#..........# ♣)♣P♣♣ #.#
#.########## ♣P.PP♣ #.#
#.# #....# #.# #.# #.g..#
#.#
#.#############@..####.#
#......................#
#############.........###
.........####÷.).[....#
########.#>...........#
#.####.........# #.#
#....#.##### ##### #.#
#.##[#.# ....# #.#
#.##.#.#


You could see Crazy Yiuf.

Vanquished Creatures
  4 ball pythons
  An endoplasm (D:2)
  A goblin (D:2)
  7 hobgoblins
  A kobold (D:2)
  A quokka (D:1)
  3 bats
  2 frilled lizards (D:1)
  A rat (D:1)
21 creatures vanquished.

Vanquished Creatures (collateral kills)
  Robin (D:2)
  An adder (D:2)
  A dart slug (D:2)
  A ribbon worm (D:2)
  2 endoplasms (D:1)
  10 goblins
  A hobgoblin (D:2)
  2 bats (D:2)
  3 frilled lizards
  3 kobolds
  A rat (D:1)
26 creatures vanquished.

Grand Total: 47 creatures vanquished

Notes
Turn   | Place    | Note
-------+----------+-------------------------------------------
     0 | D:1      | GloriousHammer the Merfolk Summoner began the quest for the
                  | Orb.
     0 | D:1      | Reached XP level 1. HP: 13/13 MP: 3/3
   239 | D:1      | Reached XP level 2. HP: 16/19 MP: 3/5
   269 | D:1      | Learned a level 2 spell: Call Imp
  1202 | D:2      | Reached XP level 3. HP: 23/24 MP: 4/6
  1205 | D:2      | Identified the +0 plate armour "Xuptay" {*Slow rPois Dex+3}
  1528 | D:2      | Noticed Robin
  1587 | D:2      | Killed Robin
  1588 | D:2      | Reached XP level 4. HP: 30/30 MP: 0/8
  2553 | D:2      | Found a runed translucent door.
  2554 | D:2      | Noticed Crazy Yiuf
  2587 | D:2      | Succumbed to Crazy Yiuf's poison

Illustrated notes

Levels and vault maps discovered:
D:1:      lemuel_arrival_funnel, layout_basic, minmay_pentomino_s4
D:2:      layout_basic, uniq_robin, uniq_crazy_yiuf_cottage

Skill      XL: |  1  2  3 |
---------------+----------+-----
Spellcasting   | 3 |  3.2
Dodging        | |  2.6
Stealth        | |  2.1
Summonings     | |  4.9

Action                     |  1- 3 |  4- 6 || total
---------------------------+-------+-------++-------
  Melee: Mace              |    15 |       ||    15
         Whip              |    60 |     7 ||    67
         Spear             |       |    12 ||    12
   Cast: Summon Small Mamm |    27 |     3 ||    30
         Call Imp          |     9 |     9 ||    18
    Use: Potion            |       |     1 ||     1
   Stab: Sleeping          |     2 |     3 ||     5
 Armour: Robe              |    22 |       ||    22
         Leather armour    |    38 |    11 ||    49
  Dodge: Dodged            |    75 |    13 ||    88

Table legend: (Time is in decaauts)
 A = Elapsed time spent in this place.
 B = Non-inter-level travel time spent in this place.
 C = Inter-level travel time spent in this place.
 D = Time resting spent in this place.
 E = Time spent auto-exploring this place.
 F = Levels seen in this place.
 G = Mean time per level.
                   A        B        C        D        E       F      G
               +--------+--------+--------+--------+--------+-----+--------+
         Total |   2599 |   2470 |    129 |      0 |   1857 |   2 | 1299.5 |
       Dungeon |   2599 |   2470 |    129 |      0 |   1857 |   2 | 1299.5 |
               +--------+--------+--------+--------+--------+-----+--------+

Top non-repeatable levels by time:
     D:2: 1520 daAuts
     D:1: 1078 daAuts
